 Dungeon Crawl Stone Soup version 0.31.0-4-g52a2dc7128 (webtiles) character file.

Game seed: 11870408443888474741

5289 trckry the Brooding (level 10, -1/69 HPs)
             Began as a Demonspawn Gladiator on Jan 21, 2024.
             Was a Priest of Hepliaklqana.
             Slain by a warg (7 damage)
             ... on level 9 of the Dungeon on Jan 22, 2024.
             The game lasted 00:27:31 (8492 turns).

trckry the Brooding (Demonspawn Gladiator)          Turns: 8492, Time: 00:27:31

Health: -1/69      AC: 15    Str: 25    XL:     10   Next: 37%
Magic:  0/17       EV: 10    Int:  8    God:    Hepliaklqana [***...]
Gold:   628        SH:  0    Dex: 15    Spells: 9/9 levels left

rFire   . . .        a - +2 morningstar (freeze)
rCold   + . .        (no shield)
rNeg    . . .        r - +2 chain mail {rC+}
rPois   .            (helmet restricted)
rElec   .            y - +1 cloak {Stlth+}
rCorr   .            t - +0 pair of gloves
SInv    .            (no boots)
Will    .....        C - amulet of guardian spirit Stlth
                     J - +6 ring of strength
HPRegen 0.31/turn    (no ring)
MPRegen 0.15/turn

%: guardian spirit
@: no status effects
A: reduced essence, horns 2, demonic guardian 2, spiny 2
a: Renounce Religion, Ancestor Life: Knight, Ancestor Life: Battlemage, Ancestor
Life: Hexer, Recall Ancestor, Ancestor Identity, Transference


You were on level 9 of the Dungeon.
You worshipped Hepliaklqana.
Hepliaklqana was most pleased with you.
You visited 2 branches of the dungeon, and saw 10 of its levels.
You also visited: Ossuary.

You collected 628 gold pieces.

Inventory:

Hand Weapons
 a - a +2 morningstar of freezing (weapon)
 b - a +1 sling of draining
 z - a +4 short sword of venom
Missiles
 d - 6 throwing nets
 l - a javelin (quivered)
 B - 22 poisoned darts
 R - 6 atropa-tipped darts
Armour
 r - a +2 chain mail of cold resistance (worn)
 t - a +0 pair of gloves (worn)
 y - a +1 cloak of stealth (worn)
 M - a +2 pair of gloves
Jewellery
 C - an amulet of guardian spirit (around neck)
 J - a +6 ring of strength (left hand)
 N - a ring of ice
 Q - an amulet of regeneration
Wands
 q - a wand of flame (22)
 I - a wand of quicksilver (3)
 L - a wand of roots (12)
 O - a wand of paralysis (4)
 S - a wand of digging (6)
Scrolls
 i - 2 scrolls of amnesia {unknown}
 k - 2 scrolls of noise {unknown}
 m - a scroll of enchant armour {unknown}
 o - 8 scrolls of identify {unknown}
 p - 6 scrolls of teleportation {unknown}
 s - a scroll of fog {unknown}
 u - a scroll of enchant weapon {unknown}
 w - 2 scrolls of brand weapon {unknown}
 x - 2 scrolls of vulnerability {unknown}
 A - a scroll of immolation {unknown}
 H - 2 scrolls of butterflies {unknown}
 P - 3 scrolls of fear {unknown}
Potions
 c - a potion of berserk rage {unknown}
 e - 4 potions of enlightenment {unknown}
 f - 3 potions of degeneration {unknown}
 g - 2 potions of brilliance {unknown}
 h - 3 potions of mutation {unknown}
 j - 5 potions of might {unknown}
 n - 2 potions of curing {unknown}
 v - a potion of invisibility {unknown}
 D - a potion of attraction {unknown}
 E - 2 potions of magic {unknown}
 F - a potion of heal wounds {unknown}
 G - a potion of lignification {unknown}
 K - 2 potions of haste {unknown}


   Skills:
 + Level 6.6 Fighting
 * Level 8.6 Maces & Flails
 - Level 1.7 Throwing
 + Level 5.6 Armour
 - Level 2.6 Dodging
 + Level 9.5 Invocations
 + Level 5.0 Evocations


You had 9 spell levels left.
You didn't know any spells.
Your spell library contained the following spells:

 Spells                   Type           Power      Damage    Failure   Level
 Lesser Beckoning         Tloc           0%         N/A       97%         2
 Scorch                   Fire           0%         2d5       97%         2
 Gell's Gravitas          Tloc           0%         N/A       99%         3
 Teleport Other           Tloc           0%         N/A       99%         3
 Flame Wave               Conj/Fire      0%         2d4       100%        4
 Ignite Poison            Fire/Alch      0%         N/A       100%        4
 Sticky Flame             Fire/Alch      0%         2d4       100%        4
 Summon Cactus Giant      Summ           0%         N/A       100%        6
 Ignition                 Fire           0%         3d3       100%        8


Dungeon Overview and Level Annotations

Branches:
Dungeon (9/15) Zot: 26843  Temple (1/1) D:4 Zot: 5967     Orc (0/2) D:9
Ossuary (visited)
   Lair: D:8-11

Altars:
Cheibriados
Dithmenos
Fedhas
Gozag
Hepliaklqana
Kikubaaqudgha
Makhleb
Okawaru
Qazlal
Ru
Sif Muna
Trog
Uskayaw
Vehumet
Wu Jian
Xom
Yredelemnul

Shops:
D:5 (

Annotations:
D:5 1 runed translucent door, scisormetimb3rs's ghost, novice DrSh


Innate Abilities, Weirdness & Mutations

Your life essence is reduced to manifest your ancestor. (-10% HP)
You have a pair of horns on your head.
A demonic guardian rushes to your aid.
You are mostly covered in sharp spines.


Message History

The bullfrog misses you. The human attacks as it pursues you!
The human is struck by your spines. The human hits you but does no damage.
The orc wizard mumbles some strange words.
The orc wizard flickers and vanishes!
Deactivating autopickup; reactivate with Ctrl-A.
Found a wand of digging (4).
The bullfrog attacks as it pursues you! The bullfrog is struck by your spines.
The bullfrog hits you but does no damage.
You hit the bullfrog.
The bullfrog seems to slow down.
You freeze the bullfrog.
You kill the bullfrog!
The warg misses you.
You hit the human. You freeze the human. Your headbutt misses the human.
You punch the human.
The human is moderately wounded.
The warg misses you. The human hits you but does no damage. The warg bites you!
You puncture the human! You freeze the human!
The human is almost dead.
The warg bites you!
A demonic guardian appears!
The orc wizard mumbles some strange words.
The orc wizard flickers and vanishes!
The human hits you.
You barely miss the human.
The human is almost dead.
The warg bites you!
* * * LOW HITPOINT WARNING * * *
The human is struck by your spines. The human closely misses you.
The warg misses you.
Your rust devil barely misses something.
Found a robe.
Okay, then.
You thump the warg! You freeze the warg.
The warg is heavily wounded.
The warg bites you!
* * * LOW HITPOINT WARNING * * *
Something hits your rust devil but does no damage.
You hear some strange, mumbled words.
A puff of flame appears from out of thin air!
The puff of flame hits you.
* * * LOW HITPOINT WARNING * * *
The warg bites you!
You die...

....... [../... ###
#.........# #.. #.........#
#.# .........######### #.#
................### #)# ..
#................#####.#
...##....##@.......).......#
.........##h{......)......>#
..........Dp4.##...........#
....)......{..##.).........#
...###...).................#
. .........................#
.............).##.........#
...>........)).##..######..
..............)....# #..


You could see a human, a warg, a steam dragon and a friendly rust devil
(summoned).

Vanquished Creatures
  A two-headed ogre (D:6)
  A wyvern (D:8)
  A steam dragon (D:7)
  A water moccasin (D:8)
  A sky beast (D:7)
  2 ice beasts
  3 black bears
  2 ogres (D:5)
  A centaur (D:5)
  A phantom (D:5)
  2 kobold brigands (D:8)
  4 bullfrogs
  13 wights
  10 howler monkeys
  Crazy Yiuf (D:3)
  2 bombardier beetles
  2 jellies
  3 gnoll boudas
  5 orc priests
  6 hounds
  3 sleepcaps
  Ijyb (D:5)
  5 iguanas
  Natasha (twice) (D:2)
  An orc wizard (D:7)
  7 mummies (Ossuary)
  Robin (D:3)
  25 gnolls
  10 adders
  3 shadow imps
  A white imp (D:7)
  4 ufetubi
  4 ribbon worms
  12 orcs
  6 ball pythons
  5 bats
  5 endoplasms
  4 giant cockroaches
  8 goblins (D:3)
  8 hobgoblins
  10 jackals
  5 quokkas
  5 frilled lizards
  A gnoll zombie (Ossuary)
  2 hobgoblin zombies (Ossuary)
  7 kobolds
  3 kobold zombies (Ossuary)
  An orc zombie (Ossuary)
  4 rats
215 creatures vanquished.

Vanquished Creatures (collateral kills)
  An ogre (D:5)
  A gnoll sergeant (D:7)
  3 wights
  2 hounds (D:4)
  4 orc wizards
  A mummy (Ossuary)
  2 adders
  4 gnolls
  A dart slug (D:1)
  5 orcs
  An endoplasm (D:4)
  A goblin (D:2)
  2 hobgoblins
  A jackal (D:2)
  2 kobolds (D:8)
  A frilled lizard (D:1)
  A hobgoblin zombie (Ossuary)
33 creatures vanquished.

Vanquished Creatures (others)
  7 ancestors
7 creatures vanquished.

Grand Total: 255 creatures vanquished

Notes
Turn   | Place    | Note
-------+----------+-------------------------------------------
     0 | D:1      | trckry the Demonspawn Gladiator began the quest for the
                  | Orb.
     0 | D:1      | Reached XP level 1. HP: 16/16 MP: 1/1
   272 | D:1      | Gained mutation: A weak demonic guardian rushes to your
                  | aid. [demonic ancestry]
   272 | D:1      | Reached XP level 2. HP: 13/22 MP: 2/2
   495 | D:1      | Reached skill level 1 in Armour
   650 | D:1      | Reached XP level 3. HP: 24/28 MP: 3/3
  1081 | D:2      | Reached XP level 4. HP: 12/34 MP: 4/4
  1251 | D:2      | Noticed Natasha
  1662 | D:2      | Killed Natasha
  1668 | D:2      | Reached XP level 5. HP: 34/41 MP: 5/5
  1734 | D:2      | You fall into a shaft and drop 2 floors!
  1734 | D:4      | Found a staircase to the Ecumenical Temple.
  1738 | Temple   | Entered the Ecumenical Temple
  1754 | Temple   | Became a worshipper of Hepliaklqana the Forgotten
  1948 | D:4      | Reached skill level 1 in Invocations
  2178 | D:2      | Gained mutation: You are partially covered in sharp spines.
                  | [demonic ancestry]
  2178 | D:2      | Reached XP level 6. HP: 14/47 MP: 6/6
  2749 | D:2      | Noticed Natasha
  2764 | D:2      | Killed Natasha
  3460 | D:3      | Found a radiant altar of Vehumet.
  3754 | D:3      | Reached skill level 2 in Invocations
  3760 | D:3      | Reached skill level 5 in Maces & Flails
  3811 | D:3      | Noticed Robin
  3823 | D:3      | Killed Robin
  4192 | D:3      | Found a runed translucent door.
  4193 | D:3      | Noticed Crazy Yiuf
  4354 | D:3      | Killed Crazy Yiuf
  4423 | D:4      | Gained mutation: You have a pair of small horns on your
                  | head. [demonic ancestry]
  4423 | D:4      | Reached XP level 7. HP: 35/52 MP: 9/9
  4470 | D:3      | Reached skill level 1 in Evocations
  4473 | D:3      | Reached skill level 3 in Invocations
  4879 | D:4      | Reached * piety under Hepliaklqana
  5019 | D:4      | Found a shadowy altar of Dithmenos.
  5267 | D:5      | Entered Level 5 of the Dungeon
  5279 | D:5      | Reached skill level 4 in Invocations
  5281 | D:5      | Found a sand-covered staircase.
  5312 | D:5      | Noticed Ijyb
  5320 | D:5      | Killed Ijyb
  5331 | D:5      | Gained mutation: You have a pair of horns on your head.
                  | [demonic ancestry]
  5331 | D:5      | Reached XP level 8. HP: 49/54 MP: 11/11
  5341 | Ossuary  | Entered an ossuary
  5384 | Ossuary  | Reached skill level 5 in Invocations
  5680 | D:5      | Found Totaef's Weapon Shoppe.
  5758 | D:5      | Found a runed translucent door.
  5758 | D:5      | Noticed scisormetimb3rs's ghost (novice DrSh)
  6106 | D:6      | Reached skill level 6 in Invocations
  6112 | D:6      | Reached ** piety under Hepliaklqana
  6134 | D:6      | Reached skill level 5 in Fighting
  6373 | D:6      | Gained mutation: You are mostly covered in sharp spines.
                  | [demonic ancestry]
  6373 | D:6      | Reached XP level 9. HP: 58/61 MP: 12/14
  6442 | D:6      | Reached skill level 7 in Invocations
  6766 | D:6      | Noticed a two-headed ogre
  6777 | D:6      | Killed a two-headed ogre
  6778 | D:6      | Reached skill level 8 in Invocations
  6974 | D:6      | Identified the +0 robe of the Noxious God {rN+ Int+2}
  7124 | D:7      | Reached skill level 5 in Armour
  7469 | D:7      | Reached skill level 9 in Invocations
  7475 | D:7      | Gained mutation: A demonic guardian rushes to your aid.
                  | [demonic ancestry]
  7475 | D:7      | Reached XP level 10. HP: 58/68 MP: 13/16
  7684 | D:7      | Found a burning altar of Makhleb.
  7718 | D:7      | Found a basalt altar of Yredelemnul.
  7938 | D:8      | Reached *** piety under Hepliaklqana
  8285 | D:8      | Found an iron altar of Okawaru.
  8286 | D:8      | Found a shimmering altar of Xom.
  8413 | D:9      | Reached skill level 5 in Evocations
  8476 | D:9      | Found a staircase to the Orcish Mines.
  8492 | D:9      | HP: 7/69 [warg (11)]
  8492 | D:9      | Slain by a warg

Illustrated notes

Levels and vault maps discovered:
D:1:      denvon_arrival_waterhouse, layout_loops_cross,
          nicolae_kite_square_tiling_tiny
D:2:      layout_loops_ring, bh_walls_and_bars, uniq_natasha
D:3:      layout_loops_ring, vehumet_altar_wand_db, hangedman_decor_points,
          uniq_robin, uniq_crazy_yiuf_cottage
D:4:      layout_loops_ring, lemuel_coloured_pillars_altar,
          minmay_temple_entry_fiery, nicolae_zig_zag_zippers
D:5:      layout_basic, mainiacjoe_overflow_alcove_1, enter_ossuary_1,
          gammafunk_ghost_grave, serial_shops, shop, uniq_ijyb
D:6:      layout_loops_ring
D:7:      layout_cave_pools, mainiacjoe_overflow_alcove_4,
          makhleb_heckhound_becter
D:8:      layout_cave_pools, mainiacjoe_overflow_divided_tiny
D:9:      layout_basic, nemelex_xobeh_ov_fountains_minmay,
          evilmike_ruin_ashenzari, erik_orc_4
Temple:   nicolae_temple_bog_church

Skill      XL: |  1  2  3  4  5  6  7  8  9 10 |
---------------+-------------------------------+-----
Maces & Flails | 3 4 5 6 8 |  8.6
Armour         | 1 2 3 4 5 |  5.6
Fighting       | 3 4 5 6 |  6.6
Invocations    | 1 2 4 6 9 |  9.5
Evocations     | 2 3 4 5 |  5.0
Throwing       | |  1.7
Dodging        | |  2.6

Action                     |  1- 3 |  4- 6 |  7- 9 | 10-12 || total
---------------------------+-------+-------+-------+-------++-------
  Melee: Flail             |   124 |   200 |       |       ||   324
         Punch             |     1 |     2 |     1 |     1 ||     5
         Dagger            |       |     4 |       |       ||     4
         Quarterstaff      |       |       |   123 |       ||   123
         Headbutt          |       |       |    46 |     9 ||    55
         Morningstar       |       |       |    75 |    82 ||   157
         Short sword       |       |       |     5 |       ||     5
   Fire: Sling             |       |       |     3 |       ||     3
  Throw: Dart              |       |     6 |       |       ||     6
         Javelin           |       |     1 |       |       ||     1
   Stab: Sleeping          |       |     2 |       |       ||     2
         Distracted        |       |     1 |     1 |     2 ||     4
         Petrifying        |       |       |     1 |       ||     1
         Paralysed         |       |       |     1 |       ||     1
 Armour: Leather armour    |    82 |   107 |       |       ||   189
         Chain mail        |       |    53 |   167 |    58 ||   278
  Dodge: Dodged            |    98 |   149 |    77 |    51 ||   375
